 Dungeon Crawl Stone Soup version 0.27-a0-1191-g601b473118 (webtiles) character file.

Game seed: 5339340868390712002

546 jasper the Magician (level 7, -2/45 (46) HPs)
             Began as a Demonspawn Hedge Wizard on May 23, 2021.
             Was an Initiate of Vehumet.
             Succumbed to a water moccasin's poison
             ... on level 6 of the Dungeon.
             The game lasted 00:10:58 (5879 turns).

jasper the Magician (Demonspawn Hedge Wizard)       Turns: 5879, Time: 00:10:59

HP:   -2/45 (46)    AC: 13    Str: 10    XL:     7   Next: 6%
MP:   0/14          EV: 10    Int: 18    God:    Vehumet [......]
Gold: 127           SH:  7    Dex: 12    Spells: 3/16 levels left

rFire    + . .     SeeInvis .   l - +0 rapier
rCold    . . .     Faith    .   t - +0 buckler
rNeg     . . .     Spirit   .   g - +3 leather armour {rF+}
rPois    .         Reflect  .   c - +0 hat
rElec    .         Harm     .   (no cloak)
rCorr    .         Rampage  .   d - +0 pair of gloves
Will     .....                  (no boots)
Stlth    ++........             (no amulet)
HPRegen  0.15/turn              (no ring)
MPRegen  0.14/turn              (no ring)

@: lethally poisoned (-2 -> -17), sanguine armoured, very slightly contaminated,
lightly drained
A: talons 2, sanguine armour 1, condensation shield
a: Renounce Religion


You were on level 6 of the Dungeon.
You worshipped Vehumet.
Vehumet was noncommittal.
You visited 2 branches of the dungeon, and saw 7 of its levels.

You collected 262 gold pieces.
You spent 135 gold pieces at shops.

Inventory:

Hand Weapons
 a - a +0 dagger
 e - a +0 long sword
 l - a +0 rapier (weapon)
Missiles
 f - 87 stones
 o - 13 poisoned darts
 s - 5 boomerangs
Armour
 b - a +0 robe
 c - a +0 hat (worn)
 d - a +0 pair of gloves (worn)
 g - a +3 leather armour of fire resistance (worn)
 t - a +0 buckler (worn)
Jewellery
 j - a +6 ring of intelligence
 p - a ring of ice
 u - an amulet of the acrobat
Wands
 q - a wand of polymorph (6)
Scrolls
 h - a scroll of summoning
 i - 5 scrolls of identify
 k - a scroll of holy word
 n - 2 scrolls of enchant weapon


   Skills:
 - Level 1.7 Dodging
 - Level 1.7 Stealth
 - Level 5.0 Spellcasting
 - Level 4.0 Conjurations
 - Level 1.0 Summonings
 - Level 0.8 Translocations
 + Level 2.6 Air Magic
 + Level 2.9 Poison Magic


You had 3 spell levels left.
You knew the following spells:

 Your Spells              Type           Power      Damage    Failure   Level
a - Magic Dart            Conj           72%        1d6       6%          1
b - Call Imp              Summ           8%         N/A       30%         2
c - Blink                 Tloc           N/A        N/A       32%         2
d - Slow                  Hex            4%         N/A       41%         2
e - Conjure Flame         Conj/Fire      11%        6-21      36%         3
f - Mephitic Cloud        Conj/Pois/Air  16%        N/A       24%         3

Your spell library contained the following spells:

 Spells                   Type           Power      Damage    Failure   Level


Dungeon Overview and Level Annotations

Branches:
Dungeon (6/15)             Temple (1/1) D:4

Altars:
Ashenzari
Cheibriados
Dithmenos
Gozag
Hepliaklqana
Kikubaaqudgha
Makhleb
Nemelex Xobeh
Okawaru
Sif Muna
Trog
Uskayaw
Vehumet
Wu Jian
Xom
Yredelemnul
The Shining One

Shops:
D:4 :   D:5 ?:[

Annotations:
D:4 exclusion: door
D:6 Maggie


Innate Abilities, Weirdness & Mutations

You have razor-sharp toenails.
When seriously injured, your bleeding wounds create armour. (AC +6)
A meltable shield of frost defends you. (SH +4)


Message History

The water moccasin closely misses you. The water moccasin bites you.
* * * LOW HITPOINT WARNING * * *
You are poisoned.
The water moccasin poisons you!
You take 3 damage, and have 13/45 hp.
You now have 0/14 mp.
You aren't carrying any potions.
Casting: Call Imp (dangerous; 30% risk of failure)
Confirm with . or Enter, or press ? or * to list all spells.
You don't have enough magic to cast this spell.
* * * LOW HITPOINT WARNING * * *
You feel very sick.
You take 3 damage, and have 10/45 hp.
Really attack while wielding nothing?
Okay, then.
Aiming: Magic Dart (safe; 6% risk of failure)
Press: ? - help, Q - select action, (/) - cycle Shift-Dir - straight line, f - water moccasin
Aim: a water moccasin (100% to hit)
The magic dart hits the water moccasin but does no damage.
You feel sick. The water moccasin barely misses you.
Your crimson imp hits the water moccasin.
You take 1 damage, and have 9/45 hp.
You now have 0/14 mp.
You aren't carrying any potions.
Okay, then.
Unknown command.
Aiming: Polymorph
Press: ? - help, Shift-Dir - straight line, f/p - water moccasin
Aim: a water moccasin (lightly wounded, ally target, will become a sky beast, a wyvern, or a swamp drake, chance to affect: 46%)
Okay, then.
Unknown command.
Unknown command.
l - a +0 rapier (weapon)
You feel sick. The water moccasin bites you.
* * * LOW HITPOINT WARNING * * *
You are more poisoned.
The water moccasin poisons you!
You take 7 damage, and have 2/45 hp.
You aren't carrying any potions.
You barely miss the water moccasin.
The water moccasin is lightly wounded.
You die...

#### ..#
#######.##
#...@##..#######
##.#.S5.........
# #####.######
#..# ##..# #...
##.. #... ###


You could see a water moccasin (ally target) and a friendly crimson imp
(summoned).

Vanquished Creatures
  Menkaure (D:4)
  A phantom (D:4)
  3 wights (D:6)
  A bullfrog zombie (D:5)
  2 centaur skeletons (D:5)
  An orc wizard (D:5)
  An adder (D:5)
  An ufetubus (D:4)
  A dart slug (D:2)
  10 orcs
  9 ball pythons
  2 bats
  5 endoplasms
  2 giant cockroaches
  8 goblins
  7 hobgoblins
  5 jackals
  7 kobolds
  3 quokkas
  7 rats
77 creatures vanquished.

Vanquished Creatures (collateral kills)
  A swamp drake (D:4)
  An iguana (D:5)
  A gnoll (D:5)
  An adder (D:2)
  2 orcs (D:3)
6 creatures vanquished.

Grand Total: 83 creatures vanquished

Notes
Turn   | Place    | Note
-------+----------+-------------------------------------------
     0 | D:1      | jasper the Demonspawn Hedge Wizard began the quest for the
                  | Orb.
     0 | D:1      | Reached XP level 1. HP: 13/13 MP: 4/4
   289 | D:1      | Gained mutation: When seriously injured, your bleeding
                  | wounds create armour. (AC +6) [demonic ancestry]
   289 | D:1      | Reached XP level 2. HP: 19/19 MP: 0/6
   798 | D:1      | Learned a level 2 spell: Call Imp
   801 | D:1      | Learned a level 2 spell: Blink
   804 | D:1      | Learned a level 2 spell: Slow
   998 | D:2      | Found a bloodstained altar of Trog.
  1070 | D:2      | Reached XP level 3. HP: 23/24 MP: 1/7
  1782 | D:2      | You fall into a shaft and drop 2 floors!
  1816 | D:4      | Found a hide-covered altar of Uskayaw.
  2295 | D:3      | Found a shimmering altar of Xom.
  2399 | D:3      | Gained mutation: You have sharp toenails. [demonic
                  | ancestry]
  2399 | D:3      | Reached XP level 4. HP: 30/30 MP: 5/8
  2459 | D:3      | Noticed an ogre
  2833 | D:4      | Noticed Menkaure
  3236 | D:4      | Noticed Eustachio
  3238 | D:4      | Noticed Eustachio
  3238 | D:4      | Eustachio changed into Eustachio the steam dragon
  3239 | D:4      | Noticed Eustachio
  3239 | D:4      | Eustachio the steam dragon changed into Eustachio the swamp
                  | drake
  3251 | D:4      | Killed Eustachio the swamp drake
  3252 | D:4      | Reached skill level 4 in Spellcasting
  3252 | D:4      | Reached XP level 5. HP: 7/35 MP: 5/11
  3305 | D:4      | Learned a level 3 spell: Conjure Flame
  3538 | D:4      | Noticed a phantom
  3569 | D:4      | Killed a phantom
  3941 | D:4      | Found a staircase to the Ecumenical Temple.
  3958 | Temple   | Entered the Ecumenical Temple
  4171 | Temple   | Became a worshipper of Vehumet
  4280 | D:4      | Learned a level 3 spell: Mephitic Cloud
  4403 | D:4      | Killed Menkaure
  4404 | D:4      | Reached skill level 5 in Spellcasting
  4404 | D:4      | Gained mutation: You have razor-sharp toenails. [demonic
                  | ancestry]
  4404 | D:4      | Reached XP level 6. HP: 41/41 MP: 1/13
  4562 | D:5      | Entered Level 5 of the Dungeon
  4562 | D:5      | Found Sefouro's Book Shop.
  4687 | D:5      | Reached skill level 1 in Air Magic
  4687 | D:5      | Reached skill level 1 in Poison Magic
  4997 | D:5      | Found Jiec's Armour Emporium.
  5472 | D:5      | Found Nerghix's Magic Scroll Shop.
  5480 | D:5      | Bought 3 scrolls of identify for 90 gold pieces
  5480 | D:5      | Bought a scroll of teleportation for 45 gold pieces
  5787 | D:6      | Noticed a vampire
  5825 | D:6      | Found a broken altar of Ashenzari.
  5861 | D:6      | Gained mutation: A meltable shield of frost defends you.
                  | (SH +4) [demonic ancestry]
  5861 | D:6      | Reached XP level 7. HP: 22/46 MP: 2/14
  5869 | D:6      | Noticed Maggie
  5878 | D:6      | HP: 2/45 [water moccasin (6)]
  5879 | D:6      | Succumbed to a water moccasin's poison

Illustrated notes

Levels and vault maps discovered:
D:1:      wheals_arrival_shading, layout_loops_ring,
          ebering_ecumenical_altar_webs, minmay_misc_feat_tower,
          minmay_misc_feat_columns
D:2:      layout_basic, basic_altar
D:3:      layout_basic, lemuel_coloured_pillars_altar, serial_shops, shop,
          nicolae_shop_statue_plus, shop, dk_noncrumbling_2
D:4:      layout_gridville, nicolae_uskayaw_dance_hall,
          minmay_temple_entry_mist, hangedman_abyss_or_decor_jellyfish_corner,
          uniq_menkaure, uniq_eustachio
D:5:      layout_basic, pf_just_have_faith, serial_shops, shop, shop, shop
D:6:      layout_rooms, ashenzari_conservatory_becter,
          kennysheep_generic_room_9, uniq_crazy_yiuf_cottage, uniq_maggie,
          uniq_grinder
Temple:   eino_temple_water

Skill      XL: |  1  2  3  4  5  6 |
---------------+-------------------+-----
Conjurations   | 2 3 4 |  4.0
Spellcasting   | 4 5 |  5.0
Air Magic      | 2 |  2.6
Poison Magic   | 2 |  2.9
Dodging        | |  1.7
Stealth        | |  1.7
Summonings     | |  1.0
Translocations | |  0.8

Action                   |  1- 3 |  4- 6 |  7- 9 || total
-------------------------+-------+-------+-------++-------
Melee: Dagger            |     7 |       |       ||     7
       Long sword        |    18 |    25 |       ||    43
       Kick              |       |     6 |       ||     6
       Unarmed           |       |    11 |       ||    11
       Rapier            |       |       |     1 ||     1
 Cast: Magic Dart        |   116 |   100 |     1 ||   217
       Call Imp          |     3 |    15 |     1 ||    19
       Slow              |       |     2 |       ||     2
Evoke: Wand              |       |     3 |       ||     3
  Use: Scroll            |     1 |     5 |     1 ||     7
       Potion            |       |     5 |     1 ||     6
Armor: Robe              |    12 |     1 |       ||    13
       Leather armour    |       |    39 |     3 ||    42
       Skin              |       |    14 |       ||    14
Dodge: Dodged            |    34 |    46 |     4 ||    84
Block: Buckler           |       |       |     3 ||     3
       Other             |       |       |     1 ||     1
       Rpst.: Long sword |     9 |     7 |       ||    16

Table legend: (Time is in decaauts)
 A = Elapsed time spent in this place.
 B = Non-inter-level travel time spent in this place.
 C = Inter-level travel time spent in this place.
 D = Time resting spent in this place.
 E = Time spent auto-exploring this place.
 F = Levels seen in this place.
 G = Mean time per level.
                   A        B        C        D        E       F      G
               +--------+--------+--------+--------+--------+-----+--------+
         Total |   5901 |   5694 |    207 |    999 |   3874 |   7 |  843.0 |
       Dungeon |   5668 |   5508 |    160 |    999 |   3691 |   6 |  944.7 |
        Temple |    232 |    185 |     47 |      0 |    183 |   1 |  232.0 |
               +--------+--------+--------+--------+--------+-----+--------+

Top non-repeatable levels by time:
     D:4: 1847 daAuts
     D:2: 1164 daAuts
     D:5: 1112 daAuts
     D:1: 859 daAuts
     D:3: 627 daAuts
  Temple: 232 daAuts
     D:6: 57 daAuts
